 Dungeon Crawl Stone Soup version 0.25.1-2-g60ff931df9 (webtiles) character file.

Game seed: 8125894014607429179

130 lepoulpe303 the Magician (level 4, 0/21 HPs)
             Began as a Spriggan Earth Elementalist on Sept 18, 2020.
             Killed from afar by Sigmund (3 damage)
             ... with a puff of flame
             ... on level 3 of the Dungeon.
             The game lasted 00:09:22 (2731 turns).

lepoulpe303 the Magician (SpEE)                     Turns: 2731, Time: 00:09:23

Health: 0/21       AC:  6    Str:  4    XL:     4   Next: 90%
Magic:  2/11       EV: 19    Int: 17    God:
Gold:   146        SH:  0    Dex: 16    Spells: 5/11 levels left

rFire    + . .     SeeInvis +   a - +0 dagger
rCold    + . .     Gourm    .   (shield restricted)
rNeg     . . .     Faith    .   c - +0 robe
rPois    +         Spirit   .   (helmet restricted)
rElec    .         Reflect  .   m - scarf {rC+ rF+}
rCorr    .         Harm     .   (gloves unavailable)
MR       .....                  (boots unavailable)
Stlth    +++.......             (no amulet)
HPRegen  0.07/turn              P - ring of poison resistance
MPRegen  0.12/turn              i - +4 ring of protection

@: very slightly contaminated, very quick
A: very small, unfitting armour, see invisible, herbivore, speed 3, slow
metabolism 2
a: no special abilities


You were on level 3 of the Dungeon.
You were not hungry.

You visited 1 branch of the dungeon, and saw 3 of its levels.

You collected 146 gold pieces.

Inventory:

Hand Weapons
 a - a +0 dagger (weapon)
 b - a +0 short sword
Missiles
 k - 7 atropa-tipped darts
 Q - 76 stones (quivered)
Armour
 c - a +0 robe (worn)
 m - a scarf of resistance (worn)
 p - a +1 cloak
Jewellery
 i - a +4 ring of protection (right hand)
 P - a ring of poison resistance (left hand)
Wands
 n - a wand of acid (8)
Scrolls
 h - a scroll of teleportation {unknown}
 j - 2 scrolls of identify {unknown}
 l - a scroll of magic mapping {unknown}
 q - a scroll of immolation {unknown}
Potions
 d - 2 potions of berserk rage {unknown}
 f - a potion of brilliance {unknown}
 g - a potion of flight {unknown}
 o - a potion of might {unknown}
Comestibles
 e - 3 rations


   Skills:
 + Level 4.1 Dodging
 + Level 4.1 Stealth
 * Level 4.2 Spellcasting
 - Level 1.3 Transmutations
 * Level 3.7 Earth Magic


You had 5 spell levels left.
You knew the following spells:

 Your Spells              Type           Power        Failure   Level  Hunger
a - Sandblast             Erth           ###...       3%          1    None
w - Passwall              Tmut/Erth      ##......     9%          2    ##.....
x - Stone Arrow           Conj/Erth      #.....       22%         3    ###....

Your spell library contained the following spells:

 Spells                   Type           Power        Failure   Level  Hunger
 Petrify                  Tmut/Erth      ##......     47%         4    ####...
 Lee's Rapid Deconstruct  Erth           ###.......   67%         5    ######.


Dungeon Overview and Level Annotations

Branches:
Dungeon (3/15)

Altars:
Elyvilon

Annotations:
D:3 Sigmund


Innate Abilities, Weirdness & Mutations

You are very small and have problems with some larger weapons.
You are too small for most types of armour.
You have supernaturally acute eyesight. (SInv)
You are a herbivore.
You cover ground extremely quickly.
You need to consume almost no food.


Message History

MASSIVE DAMAGE!!
Sigmund giggles. "Time to reap what you sow."
You feel less confused.
Aim: Sigmund, wielding a +2 scythe of protection and wearing a +0 robe of magic resistance (severely wounded)
The blast of sand misses Sigmund.
Q - 76 stones
* * * LOW MAGIC WARNING * * *
You now have 0/11 mp.
You don't have enough magic to cast that spell.
An adder comes into view.
Found a scroll labeled NUTOR TOPLU.
Found an escape hatch in the floor.
The adder hisses angrily.
Sigmund mumbles some strange words.
Sigmund flickers and vanishes for a moment.
The worker ant waves its antennae.
Sigmund gestures at you while chanting. The puff of flame misses you.
Sigmund casts a spell at you. The puff of flame hits you. You resist.
You die...

#.##.# .. #.##.### . #......#
#.## #.##.#.# ..# #.##.#.# #.#
####.#.#
############.#####.##.#.#
.............%..........#
###....$....@.......#.###
##8#......a..........#†#
............S........#.#
.....................#.#
...................!.#.#
##8#........@........#.#
###...........?.....#.#######
.....................#.<......
.....................#.######.


You could see Sigmund (invisible), a worker ant and an adder.

Levels and vault maps discovered:
D:1:      minmay_arrival_stone_box, layout_rooms
D:2:      layout_basic, old_standard_altar, serial_forest,
          infiniplex_forest_lined_2, infiniplex_forest_straight_3,
          infiniplex_forest_straight_3, infiniplex_forest_clump_long,
          infiniplex_forest_clump_tiny, infiniplex_forest_end_2,
          infiniplex_forest_clump_small, bh_walls_and_bars
D:3:      layout_basic, first_ration, serial_corexii_hall,
          corexii_hall_statues_t, chequers_hall_statues_corner_a,
          kennysheep_generic_room_11, uniq_sigmund, uniq_natasha

Notes
Turn   | Place    | Note
-------+----------+-------------------------------------------
     0 | D:1      | lepoulpe303 the Spriggan Earth Elementalist began the quest
                  | for the Orb.
     0 | D:1      | Reached XP level 1. HP: 9/9 MP: 5/5
     2 | D:1      | Identified a +0 dagger
    27 | D:1      | Identified a +0 club
   379 | D:1      | Reached skill level 3 in Spellcasting
   398 | D:1      | Reached XP level 2. HP: 13/13 MP: 7/7
   453 | D:1      | Identified a +0 short sword
   455 | D:1      | Identified an uncursed ring of poison resistance
   472 | D:1      | Reached skill level 3 in Earth Magic
   541 | D:1      | Identified a +0 short sword
   586 | D:1      | HP: 3/13 [rat (1)]
   592 | D:1      | HP: 3/13 [rat (1)]
   597 | D:1      | HP: 1/13 [rat (2)]
  1175 | D:1      | Identified a scarf of resistance (You found it on level 1
                  | of the Dungeon)
  1176 | D:1      | Identified a ring of protection (You found it on level 1 of
                  | the Dungeon)
  1245 | D:2      | Reached XP level 3. HP: 15/16 MP: 8/8
  1249 | D:2      | Learned a level 2 spell: Passwall
  1253 | D:2      | Learned a level 3 spell: Stone Arrow
  1481 | D:2      | HP: 1/16 [acid (8)]
  1486 | D:2      | Reached XP level 4. HP: 1/21 MP: 8/10
  1825 | D:2      | Found a white marble altar of Elyvilon.
  1972 | D:2      | Reached skill level 4 in Dodging
  1972 | D:2      | Reached skill level 4 in Spellcasting
  1974 | D:2      | Reached skill level 4 in Stealth
  2013 | D:2      | Identified a +0 whip
  2013 | D:2      | Identified a +0 hunting sling
  2281 | D:2      | Identified a +0 club
  2290 | D:2      | Identified a +0 whip
  2619 | D:3      | Identified a +2 scythe of protection
  2619 | D:3      | Identified a +0 robe of magic resistance
  2619 | D:3      | Noticed Sigmund
  2622 | D:3      | Identified a cursed -1 club
  2698 | D:3      | HP: 2/21 [Sigmund/magic dart (10)]
  2731 | D:3      | Killed from afar by Sigmund

Table legend:
 A = Turns spent in this place as a percentage of turns spent in the entire game.
 B = Non-inter-level travel turns spent in this place as a percentage of non-inter-level travel turns spent in the entire game.
 C = Inter-level travel turns spent in this place as a percentage of turns spent in this place.
 D = Turns resting spent in this place as a percentage of non-inter-level travel turns spent in this place.
 E = Turns spent auto-exploring this place as a percentage of non-inter-level travel turns spent in this place.
 F = Non-inter-level travel turns spent in this place divided by the number of levels of this place that you've seen.
                   A       B       C       D       E      F
               +-------+-------+-------+-------+-------+----------------------
         Total | 100.0 | 100.0 |   1.1 |  37.5 |  37.5 | 900.7
       Dungeon | 100.0 | 100.0 |   1.1 |  37.5 |  37.5 | 900.7
               +-------+-------+-------+-------+-------+----------------------

Table legend:
 A = Kills in this place as a percentage of kills in entire the game.
 B = Kills by you in this place as a percentage of kills by you in the entire game.
 C = Kills by friends in this place as a percentage of kills by friends in the entire game.
 D = Other kills in this place as a percentage of other kills in the entire game.
 E = Experience gained in this place as a percentage of experience gained in the entire game.
 F = Experience gained in this place divided by the number of levels of this place that you have seen.
                   A       B       C       D       E      F
               +-------+-------+-------+-------+-------+----------------------
         Total | 100.0 | 100.0 |   N/A |   N/A | 100.0 |  62.3
       Dungeon | 100.0 | 100.0 |   N/A |   N/A | 100.0 |  62.3
               +-------+-------+-------+-------+-------+----------------------

Skill      XL: |  1  2  3  4 |
---------------+-------------+-----
Spellcasting   | 3 4 |  4.2
Earth Magic    | 3 |  3.7
Dodging        | 4 |  4.1
Stealth        | 4 |  4.1
Transmutations | |  1.3

Action                   |  1- 3 |  4- 6 || total
-------------------------+-------+-------++-------
Melee: Dagger            |   126 |    97 ||   223
       Unarmed           |     9 |       ||     9
       Short sword       |    30 |    13 ||    43
 Cast: Sandblast         |    12 |    16 ||    28
       Stone Arrow       |       |     2 ||     2
Evoke: Wand              |       |     3 ||     3
 Stab: Sleeping          |     3 |     4 ||     7
Armor: Robe              |    37 |    28 ||    65
Dodge: Dodged            |   201 |   100 ||   301

Vanquished Creatures
  A jelly (D:2)
  4 adders (D:2)
  2 oozes (D:2)
  2 worms (D:2)
  3 dart slugs
  3 leopard geckos
  An orc (D:3)
  3 giant cockroaches
  2 goblins
  3 hobgoblins
  2 ball pythons (D:1)
  5 bats
  3 frilled lizards
  5 kobolds
  5 rats
44 creatures vanquished.
